 Dungeon Crawl Stone Soup version 0.24.1-14-gf8d2b509d9 (webtiles) character file.

Game seed: 18294354616128515084, levelgen mode: deterministic

46 cstieg1 the Firebug (level 3, -5/27 HPs)
             Began as a Draconian Fire Elementalist on Mar 9, 2021.
             Slain by Sigmund
             ... wielding a +0 scythe
              (8 damage)
             ... on level 2 of the Dungeon.
             The game lasted 00:04:53 (2014 turns).

cstieg1 the Firebug (Draconian Fire Elementalist)   Turns: 2014, Time: 00:04:53

Health: -5/27      AC:  5    Str: 10    XL:     3   Next: 44%
Magic:  0/6        EV: 12    Int: 21    God:
Gold:   53         SH:  0    Dex: 11    Spells: 2/6 levels left

rFire    . . .     SeeInvis .   a - +0 dagger
rCold    . . .     Gourm    .   (no shield)
rNeg     . . .     Faith    .   (armour unavailable)
rPois    .         Spirit   .   (helmet restricted)
rElec    .         Reflect  .   (no cloak)
rCorr    .         Harm     .   (no gloves)
MR       .....                  (no boots)
Stlth    ++........             (no amulet)
HPRegen  0.09/turn              (no ring)
MPRegen  0.10/turn              (no ring)

@: brilliant, flying
A: unfitting armour, cold-blooded, AC +5
a: no special abilities


You were on level 2 of the Dungeon.
You were not hungry.

You visited 1 branch of the dungeon, and saw 2 of its levels.

You collected 53 gold pieces.

Inventory:

Hand Weapons
 a - a +0 dagger (weapon)
Scrolls
 f - a scroll of enchant armour {unknown}
 g - a scroll of amnesia {unknown}
Potions
 i - a potion of agility {unknown}
Comestibles
 b - 5 rations


   Skills:
 + Level 0.9 Fighting
 + Level 2.0 Dodging
 - Level 1.8 Stealth
 + Level 2.1 Spellcasting
 * Level 2.0 Conjurations
 * Level 3.6 Fire Magic


You had 2 spell levels left.
You knew the following spells:

 Your Spells              Type           Power        Failure   Level  Hunger
a - Flame Tongue          Conj/Fire      ####.        1%          1    #......
b - Conjure Flame         Conj/Fire      ####....     1%          3    ###....

Your spell library contained the following spells:

 Spells                   Type           Power        Failure   Level  Hunger
 Throw Flame              Conj/Fire      ####..       1%          2    ##.....
 Inner Flame              Hex/Fire       ###.....     2%          3    ###....
 Sticky Flame             Conj/Fire      ####....     5%          4    #####..
 Fireball                 Conj/Fire      ####......   13%         5    ######.


Dungeon Overview and Level Annotations

Branches:
Dungeon (2/15)

Altars:

Annotations:
D:2 Sigmund


Innate Abilities, Weirdness & Mutations

Your plain brown scales are hard. (AC +5)
You cannot fit into any form of body armour.
You are cold-blooded and may be slowed by cold attacks.


Message History

The flame tongue hits something.
Casting: Flame Tongue (safe; 1% risk of failure)
Confirm with . or Enter, or press ? or * to list all spells.
Aiming: Flame Tongue (safe; 1% risk of failure)
Press: ? - help, Shift-Dir - straight line Something hits you.
* * * LOW HITPOINT WARNING * * *
Casting: Flame Tongue (safe; 1% risk of failure)
Confirm with . or Enter, or press ? or * to list all spells.
Aiming: Flame Tongue (safe; 1% risk of failure)
Press: ? - help, Shift-Dir - straight line The flame tongue hits something.
You hear some strange, mumbled words.
Something tries to affect you, but you resist.
Casting: Flame Tongue (safe; 1% risk of failure)
Confirm with . or Enter, or press ? or * to list all spells.
Aiming: Flame Tongue (safe; 1% risk of failure)
Press: ? - help, Shift-Dir - straight line The flame tongue hits something.
Something hits you!
You die...

####...## #...# #.#.###.## #
##.## #.#.# #......... # #.#
#...# ###)###### # #@# ##.## #.#
# # ##'## #.# #.###### # ##...##
#.# #.....## ###.....## ##.#
#.###.## ##......@## ##.{#
#.......
#.........####..@###########...##
+.........'[...................).
#.........####...###########...##
##.......## ##...# ###..##
###.....## ###.# #......
.###...## #.# #.##.## ## ##'##
#.# #)##.# # #.###########.#
#....# #.#........##.# #..####


There were no monsters in sight!

Vanquished Creatures
  2 dart slugs (D:1)
  2 leopard geckos (D:1)
  A ball python (D:2)
  4 bats
  3 giant cockroaches
  4 goblins (D:1)
  6 hobgoblins
  2 jackals (D:1)
  6 kobolds
  4 frilled lizards
  2 rats (D:1)
36 creatures vanquished.

Notes
Turn   | Place    | Note
-------+----------+-------------------------------------------
     0 | D:1      | cstieg1 the Draconian Fire Elementalist began the quest for
                  | the Orb.
     0 | D:1      | Reached XP level 1. HP: 14/14 MP: 3/3
   520 | D:1      | Reached XP level 2. HP: 20/20 MP: 0/5
   949 | D:1      | Reached XP level 3. HP: 25/27 MP: 1/6
  1454 | D:2      | Learned a level 3 spell: Conjure Flame
  1900 | D:2      | Noticed Sigmund
  2014 | D:2      | Slain by Sigmund

Levels and vault maps discovered:
D:1:      giann_wishing_wells, layout_basic
D:2:      layout_loops_corners, overflow_temple_1_default, uniq_sigmund,
          uniq_terence

Skill      XL: |  1  2  3 |
---------------+----------+-----
Dodging        | 2 |  2.0
Conjurations   | 2 |  2.0
Fighting       | |  0.9
Stealth        | |  1.8
Spellcasting   | |  2.1
Fire Magic     | |  3.6

Action                   || total
-------------------------++-------
Melee: Unarmed           ||    29
       Tailslap          ||     7
       Dagger            ||    26
 Cast: Flame Tongue      ||    51
       Conjure Flame     ||     1
  Use: Potion            ||     3
       Scroll            ||     1
 Stab: Sleeping          ||     3
  Eat: Chunk             ||     4
Armor: Skin              ||    24
Dodge: Dodged            ||    64
